 Dungeon Crawl Stone Soup version 0.23.0-3-gf3c87f2 (webtiles) character file.

Game seed: 3798962386224023803

403 Azzok the Ruffian (level 6, 0/44 HPs)
             Began as an Octopode Fighter on Feb 22, 2019.
             Was an Initiate of the Shining One.
             Slain by an ogre
             ... wielding a +0 giant club
              (19 damage)
             ... on level 4 of the Dungeon.
             The game lasted 00:03:05 (3293 turns).

Azzok the Ruffian (Octopode Fighter)                Turns: 3293, Time: 00:03:05

Health: 0/44       AC:  1    Str: 16    XL:     6   Next: 86%
Magic:  6/6        EV: 12    Int: 12    God:    the Shining One [......]
Gold:   119        SH:  9    Dex: 11    Spells: 5/5 levels left

rFire    . . .     SeeInvis .     - Unarmed
rCold    . . .     Gourm    .   a - +0 shield
rNeg     . . .     Faith    .   (helmet restricted)
rPois    .         Spirit   .   (no amulet)
rElec    .         Reflect  .   (no ring)
rCorr    .         Harm     .   (no ring)
MR       .....                  (no ring)
Stlth    +.........             (no ring)
HPRegen  0.14/turn              (no ring)
MPRegen  0.10/turn              (no ring)
                                (no ring)
                                (no ring)

@: glowing
A: almost no armour, stealthy swim, amphibious, 8 rings, constrict 8, camouflage
1, gelatinous body 1
a: Renounce Religion


You were on level 4 of the Dungeon.
You worshipped the Shining One.
The Shining One was noncommittal.
You were very hungry.

You visited 1 branch of the dungeon, and saw 4 of its levels.

You collected 119 gold pieces.

Inventory:

Armour
 a - a +0 shield (worn)
Wands
 h - a wand of paralysis (8)
Scrolls
 e - 5 scrolls of identify {unknown}
 g - a scroll of remove curse {unknown}
 j - a scroll of teleportation {unknown}
Potions
 b - 2 potions of might
 d - a potion of haste {unknown}
 i - a potion of magic {unknown}
Comestibles
 c - 5 rations


   Skills:
 + Level 4.3 Fighting
 - Level 3.0 Dodging
 + Level 4.4 Shields
 * Level 5.3 Unarmed Combat


You had 5 spell levels left.
You didn't know any spells.
Your spell library was empty.

Dungeon Overview and Level Annotations

Branches:
Dungeon (4/15)
 Temple: D:4-7

Altars:
Kikubaaqudgha
Nemelex Xobeh
Zin
The Shining One


Innate Abilities, Weirdness & Mutations

You cannot wear most types of armour.
You are very stealthy in the water. (Stealth+)
You are amphibious.
You can wear up to eight rings at the same time.
You can use your tentacles to constrict eight enemies at once.
Your skin changes colour to match your surroundings (Stealth+).
Your rubbery body absorbs attacks. (AC +1, EV +1)


Message History

The ogre is moderately wounded.
The orc hits you with a +0 flail.
The ogre hits you with a +0 giant club!!
You are too injured to fight recklessly!
You are too injured to fight recklessly!
You are too injured to fight recklessly!
You are too injured to fight recklessly!
You are too injured to fight recklessly!
You are too injured to fight recklessly!
You are too injured to fight recklessly!
You are too injured to fight recklessly!
You are too injured to fight recklessly!
You are too injured to fight recklessly!
You are too injured to fight recklessly!
You are too injured to fight recklessly!
You bludgeon the ogre!
The ogre is severely wounded.
You block the orc's attack.
The ogre hits you with a +0 giant club!!
You die...

▒▒▒▒··<·······▒
▒▒▒········▒
▒▒▒········▒
▒··········▒
▒···▒▒▒·▒▒·▒▒▒▒
▒·▒▒ ▒·▒▒····▒▒
▒ ▒·▒▒·▒▒··▒·
▒···········
▒▒▒@▒▒······
▒Oo··▒····
··········
·······▒▒▒·
··········
····▒▒▒▒····
····· ····
·····▒ ···


You could see an ogre and an orc.

Vanquished Creatures
  Sigmund (D:3)
  An ogre (D:3)
  A bullfrog skeleton (D:4)
  5 adders (D:2)
  2 oozes (D:1)
  2 worms (D:2)
  3 dart slugs
  A leopard gecko (D:2)
  2 orcs
  A giant cockroach (D:3)
  9 goblins
  7 hobgoblins
  4 jackals
  2 quokkas (D:3)
  5 bats
  4 frilled lizards
  8 kobolds
  5 rats (D:1)
63 creatures vanquished.

Notes
Turn   | Place    | Note
-------+----------+-------------------------------------------
     0 | D:1      | Azzok the Octopode Fighter began the quest for the Orb.
     0 | D:1      | Reached XP level 1. HP: 16/16 MP: 1/1
   123 | D:1      | Reached XP level 2. HP: 21/21 MP: 2/2
   290 | D:1      | Reached skill level 3 in Unarmed Combat
   307 | D:1      | Reached XP level 3. HP: 10/26 MP: 3/3
  1074 | D:2      | Reached XP level 4. HP: 19/31 MP: 4/4
  1931 | D:2      | Found a glowing golden altar of the Shining One.
  1957 | D:2      | Became a worshipper of the Shining One
  2045 | D:3      | Reached skill level 4 in Unarmed Combat
  2059 | D:3      | Found a glowing silver altar of Zin.
  2188 | D:3      | Reached XP level 5. HP: 36/36 MP: 5/5
  2290 | D:3      | Noticed an ogre
  2300 | D:3      | Killed an ogre
  2498 | D:3      | Found an ancient bone altar of Kikubaaqudgha.
  2499 | D:3      | Noticed Sigmund
  2508 | D:3      | Killed Sigmund
  2508 | D:3      | Reached skill level 5 in Unarmed Combat
  2508 | D:3      | Reached XP level 6. HP: 25/43 MP: 6/6
  3077 | D:3      | Found a sparkling altar of Nemelex Xobeh.
  3293 | D:4      | Slain by an ogre

Skill      XL: |  1  2  3  4  5 |
---------------+----------------+-----
Unarmed Combat | 3 4 5 |  5.3
Fighting       | 4 |  4.3
Shields        | 4 |  4.4
Dodging        | |  3.0

Action                   |  1- 3 |  4- 6 || total
-------------------------+-------+-------++-------
Melee: Unarmed           |    58 |    62 ||   120
       Constrict         |    14 |    21 ||    35
       Tentacles         |    12 |    11 ||    23
       Punch             |     1 |       ||     1
       Dagger            |       |    36 ||    36
 Stab: Sleeping          |     5 |     1 ||     6
  Eat: Chunk             |       |     6 ||     6
Armor: Skin              |       |    12 ||    12
Dodge: Dodged            |    17 |    32 ||    49
Block: Shield            |    15 |    33 ||    48
